 Dungeon Crawl Stone Soup version 0.26-a0-845-gfacbca91cf (webtiles) character file.

Game seed: 5248263071097252037

128 Kae the Insei (level 5, -5/30 HPs)
             Began as a Tengu Transmuter on Nov 19, 2020.
             Killed by divine providence
             ... invoked by an orc priest
              (16 damage)
             ... on level 3 of the Dungeon.
             The game lasted 00:01:51 (2957 turns).

Kae the Insei (Tengu Transmuter)                    Turns: 2957, Time: 00:01:51

Health: -5/30      AC:  2    Str: 12    XL:     5   Next: 12%
Magic:  4/9        EV: 24    Int: 13    God:
Gold:   101        SH:  0    Dex: 19    Spells: 5/9 levels left

rFire    . . .     SeeInvis .     - Unarmed
rCold    . . .     Faith    .   (shield currently unavailable)
rNeg     . . .     Spirit   .   (armour currently unavailable)
rPois    x         Reflect  .   (helmet currently unavailable)
rElec    .         Harm     .   (cloak currently unavailable)
rCorr    .         Rampage  .   (gloves currently unavailable)
MR       .....                  (boots unavailable)
Stlth    ++........             (no amulet)
HPRegen  0.10/turn              (no ring)
MPRegen  0.11/turn              (no ring)

@: spider-form, flying quickly and evasively, quick
A: tiny, able to fly
a: Stop Flying, End Transformation


You were on level 3 of the Dungeon.
You were a venomous arachnid creature.
You visited 1 branch of the dungeon, and saw 3 of its levels.

You collected 101 gold pieces.

Inventory:

Armour
 a - a +0 robe (melded)
Jewellery
 h - a cursed ring of fire {unknown}
 i - an uncursed ring of magical power
Scrolls
 c - 3 scrolls of teleportation {unknown}
 d - 2 scrolls of fog {unknown}
 e - 2 scrolls of identify {unknown}
 f - 2 scrolls of blinking {unknown}
 j - a scroll of enchant armour {unknown}
 k - a scroll of remove curse {unknown}


   Skills:
 + Level 1.8 Fighting
 - Level 2.1 Dodging
 * Level 4.3 Unarmed Combat
 + Level 2.6 Spellcasting
 * Level 2.5 Transmutations
 * Level 1.2 Poison Magic


You had 5 spell levels left.
You knew the following spells:

 Your Spells              Type           Power        Failure   Level
a - Beastly Appendage     Tmut           #.....       22%         1
b - Spider Form           Tmut/Pois      #.........   54%         3

Your spell library contained the following spells:

 Spells                   Type           Power        Failure   Level
 Wereblood                Tmut           #.......     30%         2
 Ice Form                 Ice/Tmut       #.......     92%         4
 Blade Hands              Tmut           #.........   98%         5


Dungeon Overview and Level Annotations

Branches:
Dungeon (3/15)

Altars:


Innate Abilities, Weirdness & Mutations

((You have a beak for a mouth.))
((You have claws for feet.))
You can fly continuously.


Message History

You are too injured to fight recklessly!
You are too injured to fight recklessly!
It was a potion of flight.
You feel more buoyant. The orc priest closely misses you.
Okay, then.
Unknown command.
It was a potion of curing.
You feel better.
The orc priest hits you with a +0 short sword!
Casting: Spider Form (quite dangerous; 32% risk of failure)
Confirm with . or Enter, or press ? or * to list all spells.
The spell is quite dangerous to cast (32% risk of failure)!
Continue anyway? [Y]es or [N]o only, please.
The spell is quite dangerous to cast (32% risk of failure)!
Continue anyway?
You turn into a venomous arachnid creature.
Your +0 robe melds into your body.
The orc priest calls down the wrath of Beogh upon you.
Beogh smites you!
Ouch! That really hurt!
You die...

.## .....#
#.##.# #.##.# #
#.##.# #.#.##.#
#.#.##.#
#......####
###s).....#
......o.#####.#
..#.###.#####.#
#.##....#
#.##.##.#######
#.##.##........
#....)..#######
## #####)####
#. #........#
##♣.


You could see an orc priest.

Vanquished Creatures
  An orc wizard (D:3)
  Robin (D:3)
  An adder (D:2)
  An ufetubus (D:3)
  An ooze (D:1)
  3 worms
  2 dart slugs
  4 leopard geckos (D:1)
  8 orcs (D:3)
  2 giant cockroaches
  8 goblins
  5 hobgoblins
  A quokka (D:2)
  A bat (D:1)
  3 frilled lizards
  5 kobolds
  A rat (D:2)
48 creatures vanquished.

Notes
Turn   | Place    | Note
-------+----------+-------------------------------------------
     0 | D:1      | Kae the Tengu Transmuter began the quest for the Orb.
     0 | D:1      | Reached XP level 1. HP: 12/12 MP: 4/4
   137 | D:1      | Reached XP level 2. HP: 16/16 MP: 4/6
   677 | D:1      | Reached XP level 3. HP: 11/20 MP: 5/7
  1392 | D:2      | Reached skill level 4 in Unarmed Combat
  1870 | D:2      | Learned a level 3 spell: Spider Form
  2540 | D:3      | Reached XP level 4. HP: 14/25 MP: 1/8
  2546 | D:3      | Reached skill level 1 in Poison Magic
  2798 | D:3      | Noticed Robin
  2849 | D:3      | Killed Robin
  2858 | D:3      | Gained mutation: You can fly continuously. [Tengu growth]
  2858 | D:3      | Reached XP level 5. HP: 25/30 MP: 4/9
  2957 | D:3      | Killed from afar by an orc priest

Illustrated notes

Levels and vault maps discovered:
D:1:      mrwooster_arrival_statue_2, layout_rooms, minmay_tetromino_l4
D:2:      layout_loops_ring
D:3:      layout_loops_cross, wad_floor_pattern_1, serial_bayou_pond_d,
          grunt_ministairs_7, uniq_robin, uniq_terence

Skill      XL: |  1  2  3  4 |
---------------+-------------+-----
Transmutations | 2 |  2.5
Unarmed Combat | 4 |  4.3
Poison Magic   | 1 |  1.2
Fighting       | |  1.8
Dodging        | |  2.1
Spellcasting   | |  2.6

Action                   |  1- 3 |  4- 6 || total
-------------------------+-------+-------++-------
Melee: Unarmed           |    85 |    46 ||   131
       Kick              |    21 |     2 ||    23
       Peck              |     9 |       ||     9
       Headbutt          |     7 |       ||     7
 Cast: Beastly Appendage |    19 |       ||    19
       Spider Form       |     1 |     5 ||     6
 Abil: Fly               |       |     1 ||     1
  Use: Potion            |       |     2 ||     2
Armor: Robe              |    13 |     1 ||    14
Dodge: Dodged            |    56 |    18 ||    74

Table legend: (Time is in decaauts)
 A = Elapsed time spent in this place.
 B = Non-inter-level travel time spent in this place.
 C = Inter-level travel time spent in this place.
 D = Time resting spent in this place.
 E = Time spent auto-exploring this place.
 F = Levels seen in this place.
 G = Mean time per level.
                   A        B        C        D        E       F      G
               +--------+--------+--------+--------+--------+-----+--------+
         Total |   2946 |   2907 |     39 |    282 |   2282 |   3 |  982.0 |
       Dungeon |   2946 |   2907 |     39 |    282 |   2282 |   3 |  982.0 |
               +--------+--------+--------+--------+--------+-----+--------+

Top non-repeatable levels by time:
     D:1: 1329 daAuts
     D:2: 1173 daAuts
     D:3: 443 daAuts
